 Dungeon Crawl Stone Soup version 0.29-a0-557-g43b9904bd1 (webtiles) character file.

Game seed: 7286284705546988486

339 raistware the Conjurer (level 6, -2/41 HPs)
             Began as a Human Conjurer on June 8, 2022.
             Slain by a bullfrog (5 damage)
             ... in a sewer.
             The game lasted 00:10:11 (3258 turns).

raistware the Conjurer (Human Conjurer)             Turns: 3258, Time: 00:10:12

Health: -2/41      AC:  2    Str:  7    XL:     6   Next: 86%
Magic:  5/11       EV: 12    Int: 21    God:
Gold:   77         SH:  0    Dex: 11    Spells: 2/11 levels left

rFire   . . .      SeeInvis +   m - +4 dagger
rCold   . . .      Faith    .   (no shield)
rNeg    + . .      Spirit   .   a - +0 robe
rPois   .          Reflect  .   (no helmet)
rElec   .          Harm     .   (no cloak)
rCorr   .          Rampage  .   (no gloves)
Will    .....                   (no boots)
Stlth   ++........              f - amulet of magic regeneration
HPRegen 0.13/turn               l - ring of see invisible
MPRegen 0.52/turn               s - ring of positive energy

@: brilliant, lethally poisoned (-2 -> -4)
A: no striking features
a: no special abilities


You were in a sewer.
You visited 1 branch of the dungeon, and saw 4 of its levels.
You also visited: Sewer.

You collected 77 gold pieces.

Inventory:

Hand Weapons
 m - a +4 dagger (weapon)
Armour
 a - a +0 robe (worn)
Jewellery
 f - an amulet of magic regeneration (around neck)
 l - a ring of see invisible (left hand)
 s - a ring of positive energy (right hand)
Wands
 t - a wand of paralysis (7)
Scrolls
 d - a scroll of fear {unknown}
 e - a scroll of silence {unknown}
 g - 9 scrolls of identify {unknown}
 h - a scroll of blinking {unknown}
 i - 4 scrolls of teleportation {unknown}
 j - a scroll of fog {unknown}
 k - a scroll of vulnerability {unknown}
 q - a scroll of enchant armour {unknown}
 r - 2 scrolls of poison {unknown}
 u - a scroll of immolation {unknown}
 v - a scroll of amnesia {unknown}
 y - a scroll of summoning {unknown}
Potions
 b - 2 potions of magic
 c - a potion of brilliance
 n - a potion of resistance {unknown}
 o - a potion of ambrosia {unknown}
 p - a potion of berserk rage {unknown}
 w - a potion of attraction {unknown}
 x - 2 potions of heal wounds {unknown}


   Skills:
 - Level 2.0 Dodging
 + Level 2.8 Stealth
 * Level 3.4 Spellcasting
 * Level 6.3 Conjurations
 - Level 1.0 Hexes
 + Level 1.1 Earth Magic


You had 2 spell levels left.
You knew the following spells:

 Your Spells              Type           Power      Damage    Failure   Level
a - Magic Dart            Conj           100%       1d8       1%          1
b - Searing Ray           Conj           90%        2d7       1%          2
c - Dazzling Flash        Conj/Hex       56%        N/A       9%          3
d - Stone Arrow           Conj/Erth      58%        3d10      9%          3

Your spell library contained the following spells:

 Spells                   Type           Power      Damage    Failure   Level
 Sandblast                Erth           24%        2d8       8%          1
 Ensorcelled Hibernation  Hex/Ice        16%        N/A       16%         2
 Passwall                 Tmut/Erth      7%         N/A       16%         2
 Fulminant Prism          Conj/Hex       14%        3d9       28%         4
 Iskenderun's Mystic Bla  Conj/Tloc      25%        2d7       34%         4
 Spider Form              Tmut/Pois      5%         N/A       36%         3
 Anguish                  Hex/Necr       4%         N/A       71%         4


Dungeon Overview and Level Annotations

Branches:
Dungeon (4/15)              Sewer (1/1)
 Temple: D:4-7

Altars:
Elyvilon

Shops:
D:1 [


Message History

Casting: Magic Dart (safe; 1% risk of failure)
Confirm with . or Enter, or press ? or * to list all spells.
Casting: Dazzling Flash (dangerous; 9% risk of failure)
Press: ? - help, Dir - look around, f - activate The bullfrog is dazzled. x2
The adder hisses angrily.
You feel sick. The bullfrog barely misses you. The bullfrog hits you.
The bullfrog misses you. The adder bites you but does no damage.
You feel sick. The adder closely misses you. The bullfrog hits you.
* * * LOW HITPOINT WARNING * * *
The bullfrog hits you.
* * * LOW HITPOINT WARNING * * *
Unknown command.
It was a potion of brilliance.
You feel clever all of a sudden.
You feel sick. The bullfrog closely misses you. The bullfrog barely misses you.
The adder barely misses you.
Casting: Dazzling Flash (dangerous; 9% risk of failure)
Confirm with . or Enter, or press ? or * to list all spells.
Aiming: Searing Ray (safe; 1% risk of failure)
Press: ? - help, Shift-Dir - straight line, f - bullfrog
Aim: a bullfrog (blind, 77% to hit)
Okay, then.
Casting: Searing Ray (safe; 1% risk of failure)
Confirm with . or Enter, or press ? or * to list all spells.
You don't know that spell.
Casting: Searing Ray (safe; 1% risk of failure)
Confirm with . or Enter, or press ? or * to list all spells.
You don't know that spell.
Casting: Searing Ray (safe; 1% risk of failure)
Confirm with . or Enter, or press ? or * to list all spells.
Casting: Dazzling Flash (dangerous; 9% risk of failure)
Press: ? - help, Dir - look around, f - activate You feel a surge of power!
The adder is dazzled. x2; The bullfrog is dazzled.
The adder is dazzled.
You feel sick. The bullfrog completely misses you. The bullfrog hits you.
* * * LOW HITPOINT WARNING * * *
The adder closely misses you. The adder barely misses you.
The bullfrog hits you.
You die...

#. ≈.≈.#
##.≈.≈ #≈
≈≈≈≈# #≈≈≈≈≈
#≈ ≈≈≈≈#
#≈≈≈≈≈ #≈
≈≈≈≈# #≈≈≈≈≈
#≈ ≈≈≈≈#
#≈≈≈≈≈
#S#≈≈≈≈#
#≈≈≈≈≈
#≈SS≈≈≈#
#≈≈≈≈≈
#FFS≈≈≈#
#≈≈≈≈≈
#≈@S≈≈≈#
##≈.≈≈
#≈≈#≈≈≈#
#≈.(.≈
#≈≈≈≈≈≈#
#≈..≈.
#≈≈≈≈≈≈#
#≈≈≈≈≈
#≈≈≈≈≈≈#
#≈≈≈≈≈
#≈≈≈≈≈≈#
#≈≈≈≈≈
#≈≈≈≈≈≈#
#≈≈≈≈≈
#≈≈≈≈≈≈#####
#≈≈≈≈≈
##.≈≈≈.##..#
#..≈≈≈


You could see 2 bullfrogs, 3 adders and 2 ball pythons.

Vanquished Creatures
  A black bear (D:3)
  Jessica (D:3)
  4 gnolls (D:3)
  A river rat (Sewer)
  4 adders
  2 worms
  4 dart slugs (D:2)
  6 orcs
  15 ball pythons
  12 endoplasms
  3 giant cockroaches
  9 hobgoblins
  4 kobolds
  2 quokkas
  6 bats
  5 frilled lizards
  7 goblins
  49 rats
135 creatures vanquished.

Notes
Turn   | Place    | Note
-------+----------+-------------------------------------------
     0 | D:1      | raistware the Human Conjurer began the quest for the Orb.
     0 | D:1      | Reached XP level 1. HP: 13/13 MP: 3/3
   272 | D:1      | Found Umiqiotz's Armour Emporium.
   398 | D:1      | Reached XP level 2. HP: 19/19 MP: 1/5
   401 | D:1      | Learned a level 2 spell: Searing Ray
   974 | D:1      | Reached XP level 3. HP: 24/24 MP: 4/6
   978 | D:1      | Learned a level 3 spell: Dazzling Flash
  1154 | D:2      | Reached skill level 5 in Conjurations
  1552 | D:2      | Reached XP level 4. HP: 30/30 MP: 5/7
  1559 | D:2      | Found a white marble altar of Elyvilon.
  2101 | D:3      | Noticed Jessica
  2103 | D:3      | Killed Jessica
  2115 | D:3      | Reached XP level 5. HP: 32/35 MP: 3/8
  2261 | D:3      | Found a faded altar of an unknown god.
  2340 | D:3      | Learned a level 3 spell: Stone Arrow
  2581 | D:3      | Reached skill level 6 in Conjurations
  2936 | D:3      | Noticed a black bear
  2942 | D:3      | Killed a black bear
  2943 | D:3      | Reached XP level 6. HP: 41/41 MP: 4/10
  3006 | D:4      | Found a glowing drain.
  3017 | Sewer    | Entered a sewer
  3033 | Sewer    | Reached skill level 1 in Earth Magic
  3053 | Sewer    | Reached skill level 1 in Hexes
  3258 | Sewer    | Slain by a bullfrog

Illustrated notes

Levels and vault maps discovered:
D:1:      nicolae_arrival_somewhat_less_tricky_arrival, layout_basic,
          serial_shops, shop
D:2:      layout_loops_ring, basic_altar, minmay_pentomino_pile
D:3:      layout_basic, chequers_ecumenical_altar_simple_redux, minmay_rat_hole,
          uniq_jessica
D:4:      layout_rooms, cheibrodos_sewer_entry_drain, guppyfry_early_lair_pool
Sewer:    sewer_minmay_w

Skill      XL: |  1  2  3  4  5  6 |
---------------+-------------------+-----
Conjurations   | 5 6 |  6.3
Spellcasting   | 3 |  3.4
Earth Magic    | 1 |  1.1
Hexes          | 1 |  1.0
Dodging        | |  2.0
Stealth        | |  2.8

Action                   |  1- 3 |  4- 6 || total
-------------------------+-------+-------++-------
Melee: Dagger            |       |    41 ||    41
 Cast: Magic Dart        |    58 |   126 ||   184
       Searing Ray       |     2 |     9 ||    11
       Dazzling Flash    |       |     2 ||     2
  Use: Potion            |       |     1 ||     1
 Stab: Sleeping          |       |     2 ||     2
Armor: Robe              |     3 |     8 ||    11
Dodge: Dodged            |     4 |    54 ||    58

Table legend: (Time is in decaauts)
 A = Elapsed time spent in this place.
 B = Non-inter-level travel time spent in this place.
 C = Inter-level travel time spent in this place.
 D = Time resting spent in this place.
 E = Time spent auto-exploring this place.
 F = Levels seen in this place.
 G = Mean time per level.
                   A        B        C        D        E       F      G
               +--------+--------+--------+--------+--------+-----+--------+
         Total |   3287 |   3186 |    101 |     63 |   2582 |   5 |  657.4 |
       Dungeon |   3016 |   2915 |    101 |     53 |   2447 |   4 |  754.0 |
         Sewer |    270 |    270 |      0 |     10 |    135 |   1 |  270.0 |
               +--------+--------+--------+--------+--------+-----+--------+

Top non-repeatable levels by time:
     D:1: 1089 daAuts
     D:2: 994 daAuts
     D:3: 900 daAuts
   Sewer: 270 daAuts
     D:4: 33 daAuts
